 Dungeon Crawl Stone Soup version 0.24.0-2-g5b39cebb1c (webtiles) character file.

Game seed: 18201293404825896469, levelgen mode: deterministic

14716 Katsumi the Fighter (level 11, 0/60 HPs)
             Began as a Felid Transmuter on Oct 29, 2019.
             Was a Follower of Ru.
             Slain by a centaur (3 damage)
             ... on level 9 of the Dungeon.
             The game lasted 00:27:33 (19078 turns).

Katsumi the Fighter (Felid Transmuter)             Turns: 19078, Time: 00:27:34

Health: 0/60       AC:  3    Str:  6    XL:     11   Next: 92%
Magic:  0/20       EV: 23    Int: 19    God:    Ru [*.....]
Gold:   311        SH:  0    Dex: 17    Spells: 0/21 levels left
                                        Lives:  0   Deaths: 2

rFire    . . .     SeeInvis +     - Unarmed
rCold    + . .     Gourm    .   (shield unavailable)
rNeg     . . .     Faith    .   (armour unavailable)
rPois    +         Spirit   +   (helmet unavailable)
rElec    .         Reflect  .   (cloak unavailable)
rCorr    .         Harm     .   (gloves unavailable)
MR       +....                  (boots unavailable)
Stlth    +++.......             y - amulet of guardian spirit
HPRegen  0.20/turn              G - ring of poison resistance
MPRegen  0.17/turn              K - +2 ring of evasion

@: no potions, studying Necromancy, quick
A: very small, no armour, no weapons or thrown items, stealth, claws 1, fangs 3,
see invisible, carnivore, speed 1, shaggy fur 3, slow metabolism 1, inability to
drink while threatened, sharp paws
a: Renounce Religion


You were on level 9 of the Dungeon.
You worshipped Ru.
Ru was aware of your devotion.
You were not hungry.

You visited 2 branches of the dungeon, and saw 11 of its levels.
You also visited: Ossuary.

You collected 527 gold pieces.
You spent 216 gold pieces at shops.

Inventory:

Missiles
 a - 216 arrows
Jewellery
 b - a +3 ring of intelligence
 h - an uncursed ring of stealth
 k - an uncursed ring of protection from fire
 y - an amulet of guardian spirit (around neck)
 B - an uncursed amulet of faith {unknown}
 F - a +3 amulet of reflection {unknown}
 G - a ring of poison resistance (left paw)
 K - a +2 ring of evasion (right paw)
Wands
 i - a wand of flame (15)
 r - a wand of acid (4)
 E - a wand of iceblast (9)
 I - a wand of random effects (12)
 J - a wand of scattershot (4)
 L - a wand of paralysis (2)
Scrolls
 e - 6 scrolls of remove curse
 f - 2 scrolls of amnesia
 g - 2 scrolls of noise
 j - 2 scrolls of blinking
 m - a scroll of fear {unknown}
 p - 5 scrolls of teleportation
 w - 2 scrolls of fog
 x - a scroll of acquirement {unknown}
 C - 2 scrolls of magic mapping
 D - a scroll of immolation
Potions
 d - a potion of lignification
 l - 2 potions of resistance
 n - 3 potions of flight
 o - 3 potions of haste
 q - 3 potions of might
 s - 5 potions of curing {unknown}
 u - 2 potions of brilliance
 v - a potion of magic {unknown}
 z - 2 potions of agility {unknown}
 A - a potion of mutation {unknown}
Books
 H - a manual of Necromancy
Comestibles
 c - 17 rations


   Skills:
 - Level 14.3 Fighting
 - Level 5.5 Dodging
 - Level 5.0 Stealth
 - Level 7.0 Unarmed Combat
 + Level 5.6 Spellcasting
 + Level 10.2 Necromancy
 - Level 10.0 Transmutations
 - Level 6.0 Evocations


You couldn't memorise any spells.
You knew the following spells:

 Your Spells              Type           Power        Failure   Level  Hunger
a - Beastly Appendage     Tmut           #####.       1%          1    None
b - Sticks to Snakes      Tmut           #####...     1%          2    None
c - Blade Hands           Tmut           #####.....   5%          5    #####..
d - Vampiric Draining     Necr           #####.....   1%          3    ##.....
e - Regeneration          Chrm/Necr      ###.......   4%          3    ##.....
f - Animate Skeleton      Necr           N/A          1%          1    None
g - Animate Dead          Necr           N/A          1%          4    ####...
h - Ice Form              Ice/Tmut       ###.....     14%         4    ####...

Your spell library contained the following spells:

 Spells                   Type           Power        Failure   Level  Hunger
 Pain                     Necr           ####         1%          1    None
 Spider Form              Tmut/Pois      ###.......   4%          3    ##.....


Dungeon Overview and Level Annotations

Branches:
Dungeon (10/15)            Temple (1/1) D:7             Orc (0/2) D:10
Ossuary (visited)
   Lair: D:8-11

Altars:
Ashenzari
Dithmenos
Elyvilon
Fedhas
Gozag
Hepliaklqana
Kikubaaqudgha
Makhleb
Nemelex Xobeh
Okawaru
Qazlal
Ru
Sif Muna
Trog
Uskayaw
Vehumet
Wu Jian
Xom
Yredelemnul
Zin
The Shining One

Shops:
D:4 ?

Annotations:
D:6 eels
D:8 exclusion: 2 doors


Innate Abilities, Weirdness & Mutations

You cannot wear armour.
You are incapable of wielding weapons or throwing items.
Your paws allow you to move quietly. (Stealth)
You have sharp claws.
You have razor-sharp teeth.
You have supernaturally acute eyesight. (SInv)
You are carnivorous and can eat meat at any time.
You cover ground quickly.
Your thick and shaggy fur keeps you warm. (AC +3, rC+)
You have a slow metabolism.
You cannot drink potions while threatened.
Your sharp claws are effective at attacking unaware monsters.


Message History

The centaur misses you. The centaur completely misses you.
The centaur misses you. The centaur hits you!
* * * LOW HITPOINT WARNING * * *
The centaur closely misses you. The centaur hits you.
* * * LOW HITPOINT WARNING * * *
The centaur closely misses you. The centaur misses you.
The centaur completely misses you. The centaur hits you.
* * * LOW HITPOINT WARNING * * *
The centaur barely misses you. x2
The centaur hits you!
You feel threatened and lose the ability to drink potions!
* * * LOW HITPOINT WARNING * * *
The centaur completely misses you. The centaur misses you.
The centaur closely misses you. The centaur barely misses you.
The centaur closely misses you. The centaur completely misses you.
The centaur closely misses you. The centaur hits you.
You die...

.#########
..<......####
#...c@(..(#
#.####..#...[
##.## # #..### .
##...#
#######'''#######
#..
#######...#######
#..
###§###...#§.○°°#
#.[
##§§°##.>.#○○§○○#
...


You could see a centaur.

Vanquished Creatures
  Erica (D:8)
  A sea snake (shapeshifter) (D:9)
  Pikel (D:6)
  Maurice (D:8)
  Psyche (D:8)
  Grinder (D:6)
  A dream sheep (D:8)
  2 hippogriffs
  A wyvern (D:9)
  2 yaks (D:8)
  A hungry ghost (D:8)
  2 orc warriors
  2 sky beasts
  A black bear (D:8)
  2 phantoms (D:8)
  An ice beast (D:8)
  A slave (D:6)
  A necrophage (D:6)
  7 centaurs
  A crocodile (D:9)
  3 big kobolds
  Blork the orc (D:6)
  4 elf skeletons (D:4)
  5 bullfrogs
  2 water moccasin zombies (Ossuary)
  2 scorpions
  4 wights (D:5)
  2 electric eels (D:6)
  4 crimson imps
  A bullfrog zombie (D:7)
  A quasit (D:8)
  7 hounds
  3 jellies
  A human zombie (D:4)
  An orc priest (D:7)
  5 orc wizards
  A bullfrog skeleton (D:7)
  3 human skeletons (D:4)
  8 worker ants
  6 big kobold zombies (Ossuary)
  2 mummies (Ossuary)
  A worker ant zombie (D:7)
  10 adders
  A howler monkey skeleton (D:7)
  A shadow imp (D:6)
  An adder skeleton (D:4)
  4 adder zombies (Ossuary)
  A worm (D:2)
  4 dart slugs
  6 leopard geckos
  30 orcs
  7 bats
  5 giant cockroaches
  8 goblins
  4 hobgoblins
  13 jackals
  14 kobolds
  2 quokkas (D:3)
  3 ball pythons
  2 frilled lizards
  A gnoll zombie (Ossuary)
  6 kobold zombies (Ossuary)
  A leopard gecko skeleton (D:4)
  2 orc skeletons (D:4)
  2 orc zombies (Ossuary)
  A quokka zombie (D:3)
  8 rats
235 creatures vanquished.

Vanquished Creatures (collateral kills)
  A scorpion (D:4)
  A hound (D:4)
  Crazy Yiuf (D:7)
  Jessica (D:3)
  A human skeleton (D:4)
  A gnoll (D:3)
  An adder (D:2)
  A worm (D:3)
  A leopard gecko (D:4)
  2 orcs
11 creatures vanquished.

Vanquished Creatures (others)
  A dream sheep (D:8)
1 creature vanquished.

Grand Total: 247 creatures vanquished

Notes
Turn   | Place    | Note
-------+----------+-------------------------------------------
     0 | D:1      | Katsumi the Felid Transmuter began the quest for the Orb.
     0 | D:1      | Reached XP level 1. HP: 9/9 MP: 4/4
   501 | D:1      | Reached skill level 2 in Fighting
   501 | D:1      | Reached XP level 2. HP: 7/13 MP: 4/6
   993 | D:1      | Learned a level 2 spell: Sticks to Snakes
  1806 | D:2      | Reached skill level 3 in Fighting
  1828 | D:2      | Reached XP level 3. HP: 17/17 MP: 5/7
  2344 | D:2      | Found an iron altar of Okawaru.
  2390 | D:2      | Found a stormy altar of Qazlal.
  3084 | D:2      | Found a hide-covered altar of Uskayaw.
  3091 | D:2      | Reached XP level 4. HP: 21/21 MP: 6/8
  3342 | D:3      | Noticed Jessica
  3354 | D:3      | Killed Jessica
  3912 | D:3      | Found a bloodstained altar of Trog.
  4046 | D:3      | Found a shimmering blue altar of Sif Muna.
  4497 | D:4      | Reached skill level 5 in Transmutations
  4497 | D:4      | Reached XP level 5. HP: 24/24 MP: 4/9
  4671 | D:4      | Learned a level 5 spell: Blade Hands
  4740 | D:4      | Gained mutation: You are covered in thick fur. (AC +2)
                  | [Felid growth]
  4740 | D:4      | Reached XP level 6. HP: 4/28 MP: 2/10
  4831 | D:4      | Found a sand-covered staircase.
  4858 | Ossuary  | Entered an ossuary
  5980 | Ossuary  | Reached XP level 7. HP: 11/31 MP: 3/11
  7142 | D:4      | Found Sosem's Magic Scroll Shoppe.
  7150 | D:4      | Bought a scroll of magic mapping for 42 gold pieces
  7150 | D:4      | Bought a scroll of teleportation for 36 gold pieces
  7150 | D:4      | Bought a scroll of identify for 24 gold pieces
  7150 | D:4      | Bought a scroll of identify for 24 gold pieces
  7150 | D:4      | Bought a scroll of immolation for 42 gold pieces
  7150 | D:4      | Bought a scroll of random uselessness for 12 gold pieces
  7150 | D:4      | Bought a scroll of teleportation for 36 gold pieces
  7254 | D:4      | Found a white marble altar of Elyvilon.
  7730 | D:5      | Entered Level 5 of the Dungeon
  7921 | D:5      | Reached skill level 1 in Evocations
  8180 | D:5      | Reached XP level 8. HP: 8/34 MP: 0/12
  9241 | D:6      | Noticed Pikel
  9574 | D:6      | Noticed Blork the orc
  9676 | D:6      | Reached skill level 10 in Transmutations
  9686 | D:6      | Killed Blork the orc
  9686 | D:6      | Reached skill level 5 in Evocations
 10229 | D:6      | Reached skill level 4 in Fighting
 10364 | D:6      | Reached XP level 9. HP: 37/37 MP: 8/14
 10687 | D:6      | Killed Pikel
 10687 | D:6      | Reached skill level 6 in Fighting
 10779 | D:6      | Noticed Grinder
 11080 | D:6      | Killed Grinder
 11894 | D:7      | Reached skill level 1 in Stealth
 11934 | D:7      | Identified the +7 trident of Woten {flame, +Inv rPois MP+9
                  | Dex+4}
 12275 | D:7      | Found a staircase to the Ecumenical Temple.
 12296 | Temple   | Entered the Ecumenical Temple
 12460 | Temple   | Became a worshipper of Ru the Awakened
 12513 | D:7      | You fall into a shaft and drop 3 floors!
 12513 | D:10     | Entered Level 10 of the Dungeon
 12513 | D:10     | Found a staircase to the Orcish Mines.
 12860 | D:8      | Noticed Maurice
 12875 | D:8      | Killed Maurice
 12875 | D:8      | Reached skill level 7 in Fighting
 12887 | D:8      | Noticed Psyche
 12897 | D:8      | Killed Psyche
 12904 | D:8      | Reached skill level 5 in Dodging
 13190 | D:8      | Reached XP level 10. HP: 41/45 MP: 8/15
 13931 | D:7      | Gained mutation: You cannot drink potions while threatened.
                  | [Ru sacrifice]
 13931 | D:7      | Reached * piety under Ru
 14429 | D:7      | Reached skill level 5 in Stealth
 14805 | D:7      | Learned a level 3 spell: Vampiric Draining
 14809 | D:7      | Learned a level 3 spell: Regeneration
 14811 | D:7      | Learned a level 1 spell: Animate Skeleton
 15066 | D:7      | Found a runed translucent door.
 15067 | D:7      | Noticed Crazy Yiuf
 15221 | D:7      | Killed Crazy Yiuf
 15275 | D:8      | Reached skill level 1 in Necromancy
 15667 | D:8      | Noticed Erica
 15718 | D:8      | Killed Erica
 18189 | D:9      | Found a blossoming altar of Fedhas.
 18190 | D:9      | Found a glowing silver altar of Zin.
 18190 | D:9      | Found a hide-covered altar of Uskayaw.
 18190 | D:9      | Found a bloodstained altar of Trog.
 18225 | D:9      | Reached skill level 10 in Necromancy
 18245 | D:9      | Noticed a centaur warrior
 18409 | D:8      | Reached skill level 11 in Fighting
 18409 | D:8      | Reached XP level 11. HP: 53/53 MP: 18/18
 18410 | D:8      | Reached skill level 12 in Fighting
 18410 | D:8      | Reached skill level 5 in Spellcasting
 18410 | D:8      | Gained mutation: Your thick and shaggy fur keeps you warm.
                  | (AC +3, rC+) [Felid growth]
 18410 | D:8      | Reached XP level 12. HP: 59/59 MP: 18/21
 18411 | D:8      | Reached skill level 14 in Fighting
 18411 | D:8      | Reached XP level 13. HP: 66/66 MP: 18/22
 18438 | D:8      | Learned a level 4 spell: Animate Dead
 18443 | D:8      | Learned a level 4 spell: Ice Form
 18855 | D:9      | Found a hazy altar of Hepliaklqana.
 18893 | D:9      | HP: 3/79 [poisoned by a sea snake]
 18895 | D:9      | HP: 1/79 [poisoned by a sea snake]
 18896 | D:9      | Succumbed to a sea snake's poison
 18897 | D:9      | Reached XP level 12. HP: 0/74 MP: 3/21
 18969 | D:9      | Paralysed by fainting for 12 turns
 18982 | D:9      | Paralysed by fainting for 12 turns
 18985 | D:9      | HP: 1/64 [centaur warrior (8)]
 18986 | D:9      | Demolished by a centaur warrior
 18987 | D:9      | Reached XP level 11. HP: -15/60 MP: 0/20
 18987 | D:9      | Found a sparkling altar of Nemelex Xobeh.
 19073 | D:9      | HP: 2/60 [centaur (5)]
 19078 | D:9      | Slain by a centaur

Levels and vault maps discovered:
D:1:      minmay_arrival_nine_rooms, layout_loops_ring, solitary_fountain,
          corexii_corridor_pit
D:2:      layout_basic, okawaru_trees_2, eat_drink_and_be_merry_uskayaw,
          nicolae_qazlal_eye_of_the_storm
D:3:      minmay_bubble_buster, layout_rooms, marbit_many_paths, bloody_trog,
          uniq_jessica
D:4:      layout_rooms, elyvilon_altar_5, serial_shops, shop, first_ration,
          nicolae_ossuary_entry_catacombs
D:5:      layout_cave_pools, minmay_manual_mares
D:6:      layout_loops_cross, dk_noncrumbling_3, nicolae_benzene_ring,
          serial_bayou_ford_a, uniq_blork_the_orc, uniq_grinder, uniq_pikel
D:7:      layout_cave_pools, minmay_temple_entry_mist, uniq_crazy_yiuf_cottage
D:8:      layout_loops_corners, hangedman_ranch [blue_anna_fruit_fields],
          uniq_erica, uniq_psyche, uniq_maurice
D:9:      minmay_the_grid_octo_triangle [minmay_the_grid_octo_shrine,
          minmay_the_grid_octo_prize_single_spiral,
          minmay_the_grid_octo_concentric], layout_rooms, nemelex_altar_shiori,
          lemuel_round_altar, overflow_temple_1_default
D:10:     layout_basic, erik_orc_4, uniq_grum
Temple:   eino_narrow_crystal_temple

Skill      XL: |  1  2  3  4  5  6  7  8  9 10 11 12 |
---------------+-------------------------------------+-----
Fighting       | 2 3 4 7 11 12 14 | 14.3
Transmutations | 3 5 6 7 9 10 | 10.0
Evocations     | 2 6 |  6.0
Spellcasting   | 3 4 5 |  5.6
Dodging        | 5 |  5.5
Stealth        | 4 5 |  5.0
Unarmed Combat | 4 7 |  7.0
Necromancy     | 10 | 10.2

Action                   |  1- 3 |  4- 6 |  7- 9 | 10-12 | 13-15 || total
-------------------------+-------+-------+-------+-------+-------++-------
Melee: Unarmed           |   112 |   235 |   336 |   200 |     4 ||   887
       Headbutt          |    13 |    24 |    12 |       |       ||    49
       Bite              |    11 |    25 |    21 |    14 |       ||    71
       Punch             |     2 |       |     2 |     5 |       ||     9
 Cast: Beastly Appendage |    30 |    33 |    13 |     3 |       ||    79
       Sticks to Snakes  |     1 |     9 |     4 |     7 |       ||    21
       Blade Hands       |       |     2 |    35 |    28 |       ||    65
       Vampiric Draining |       |       |       |       |     2 ||     2
       Ice Form          |       |       |       |       |     1 ||     1
Invok: Sacrifice Drink   |       |       |       |     1 |       ||     1
Evoke: Wand              |       |       |    16 |     5 |     2 ||    23
  Use: Scroll            |     1 |       |    10 |     5 |       ||    16
       Potion            |       |     2 |       |     3 |       ||     5
 Stab: Sleeping          |     5 |     7 |     4 |       |       ||    16
       Paralysed         |       |       |     7 |       |       ||     7
  Eat: Chunk             |    11 |     6 |    31 |    26 |       ||    74
       Ration            |       |       |       |     1 |       ||     1
Armor: Skin              |     5 |    20 |     8 |    11 |       ||    44
Dodge: Dodged            |   106 |   141 |   217 |   336 |     2 ||   802
